 Dungeon Crawl Stone Soup version 0.27.1-2-g3b301248ec (webtiles) character file.

Game seed: 2251521412661435549

3073 Urokeeper the Shield-Bearer (level 9, 0/81 HPs)
             Began as a Deep Dwarf Fighter on Sept 27, 2021.
             Slain by a wight (4 damage)
             ... on level 7 of the Dungeon.
             The game lasted 00:33:29 (5339 turns).

Urokeeper the Shield-Bearer (Deep Dwarf Fighter)    Turns: 5339, Time: 00:33:29

Health: 0/81       AC: 18    Str: 24    XL:     9   Next: 58%
Magic:  0/0        EV:  7    Int:  8    God:
Gold:   319        SH: 12    Dex: 18    Spells: 8/8 levels left

rFire    + . .     SeeInvis .   K - +0 hand axe (vorpal)
rCold    . . .     Faith    .   c - +0 kite shield
rNeg     . . .     Spirit   .   D - +0 plate armour
rPois    +         Reflect  .   G - +0 helmet
rElec    .         Harm     .   q - +1 cloak {rPois}
rCorr    .         Rampage  .   L - +0 pair of gloves
Will     +....                  (no boots)
Stlth    ..........             F - amulet of the acrobat
HPRegen  0.00/turn              e - ring of protection from fire
MPRegen  0.07/turn              O - +6 ring of dexterity

@: no status effects
A: damage resistance, heal wounds, sense surroundings 2, no regeneration
a: Heal Wounds


You were on level 7 of the Dungeon.
You visited 1 branch of the dungeon, and saw 7 of its levels.

You collected 319 gold pieces.

Inventory:

Hand Weapons
 a - a +0 war axe
 d - a +3 vorpal dire flail
 k - a +3 long sword
 s - a +0 short sword of holy wrath
 A - a +2 dagger of venom
 B - a +0 mace of venom
 K - a +0 vorpal hand axe (weapon)
Missiles
 C - 5 silver boomerangs (quivered)
Armour
 b - a +0 scale mail
 c - a +0 kite shield (worn)
 q - a +1 cloak of poison resistance (worn)
 D - a +0 plate armour (worn)
 G - a +0 helmet (worn)
 J - a +1 scale mail of poison resistance
 L - a +0 pair of gloves (worn)
Jewellery
 e - a ring of protection from fire (left hand)
 r - a ring of protection from fire
 F - an amulet of the acrobat (around neck)
 M - a ring of protection from fire
 O - a +6 ring of dexterity (right hand)
Wands
 u - a wand of flame (17)
 z - a wand of polymorph (6)
 H - a wand of mindburst (13)
Scrolls
 h - 3 scrolls of amnesia
 i - 2 scrolls of enchant weapon
 l - 3 scrolls of magic mapping {unknown}
 p - a scroll of silence
 t - a scroll of fear {unknown}
 v - 6 scrolls of teleportation
 w - a scroll of vulnerability {unknown}
 y - a scroll of enchant armour {unknown}
 E - 2 scrolls of noise {unknown}
 I - a scroll of brand weapon {unknown}
 N - a scroll of holy word {unknown}
Potions
 f - 2 potions of attraction {unknown}
 g - a potion of degeneration {unknown}
 j - 2 potions of curing {unknown}
 m - 2 potions of ambrosia {unknown}
 n - 3 potions of brilliance
 o - a potion of magic {unknown}
 x - a potion of mutation {unknown}


   Skills:
 + Level 5.5 Fighting
 - Level 5.7(7.1) Axes
 * Level 6.0(6.9) Maces & Flails
 + Level 0.1 Throwing
 + Level 7.6 Armour
 + Level 3.4 Dodging
 + Level 0.3 Stealth
 + Level 7.6 Shields


You had 8 spell levels left.
You didn't know any spells.
Your spell library contained the following spells:

 Spells                   Type           Power      Damage    Failure   Level
 Corona                   Hex            0%         N/A       100%        1
 Foxfire                  Conj/Fire      0%         2x1d4     100%        1
 Ensorcelled Hibernation  Hex/Ice        0%         N/A       100%        2
 Conjure Flame            Conj/Fire      0%         6-21      100%        3
 Inner Flame              Hex/Fire       0%         N/A       100%        3
 Tukima's Dance           Hex            0%         N/A       100%        3
 Fireball                 Conj/Fire      0%         3d3       100%        5
 Starburst                Conj/Fire      0%         6d3       100%        6
 Ignition                 Fire           0%         3d3       100%        8


Dungeon Overview and Level Annotations

Branches:
Dungeon (7/15)             Temple (0/1) D:6

Altars:
Cheibriados
Kikubaaqudgha
Nemelex Xobeh

Shops:
D:5 *


Innate Abilities, Weirdness & Mutations

You are resistant to damage.
You can heal yourself by infusing magical energy.
You passively map the area around you.
You do not regenerate.


Message History

The wight hits you but does no damage.
You hit the wight.
The wight is heavily damaged.
You block the wight's attack.
You hit the wight but do no damage.
The wight is heavily damaged.
You closely miss the wight. The wight hits you but does no damage.
You block the wight's attack.
You hit the wight.
The wight is heavily damaged.
You hit the wight. x2; The wight hits you but does no damage.
You block the wight's attack. The wight completely misses you.
You hit the wight.
The wight is severely damaged.
You hit the wight but do no damage. You closely miss the wight.
The wight hits you but does no damage. You block the wight's attack.
The wight hits you but does no damage.
You barely miss the wight.
The wight is severely damaged.
You closely miss the wight. You barely miss the wight.
You block the wight's attack.
The wight hits you with a +0 morningstar!
* * * LOW HITPOINT WARNING * * *
You block the wight's attack.
You hit the wight.
You destroy the wight!
You hit the wight but do no damage. x2
The wight hits you with a +0 morningstar.
* * * LOW HITPOINT WARNING * * *
You block the wight's attack.
You hit the wight.
The wight is heavily damaged.
You hit the wight. You block the wight's attack.
The wight hits you with a +5 mace.
* * * LOW HITPOINT WARNING * * *
You closely miss the wight.
The wight is heavily damaged.
You hit the wight but do no damage.
The wight hits you with a +0 morningstar!
You die...

................## ##..##
.................#### ##..##
*
......##########....#####..##
, ......# ###.......###
......# #....#..# ** ,
....### ##.......# ...##
#####* ###........# ,, , .###
* #....###zz..###...# , ##
......#.)@### ###.#* , *
........### ##.# , , ,
,........## .# ,, .........##
. , ,......z...## ,,, , ,
...........## * , , , ,
............# * , ,* ,,
,............# *
...........≈# *,*


You could see 2 wights.

Vanquished Creatures
  The ghost of AttackTheMoon the Chucker, a novice TrHu of Cheibriados (D:6)
  Sigmund (D:2)
  Edmund (D:4)
  Duvessa (D:7)
  A sky beast (D:6)
  2 black bears
  2 orc warriors
  An ice beast (D:6)
  3 centaurs
  Dowan (D:7)
  A water moccasin skeleton (D:6)
  A wight (D:7)
  3 killer bees (D:6)
  2 quasits (D:6)
  2 hounds
  Crazy Yiuf (D:2)
  2 centaur skeletons
  2 gnoll shamans
  4 orc priests
  2 bullfrog skeletons (D:5)
  Natasha (thrice) (D:2)
  3 iguanas
  Ijyb (D:4)
  6 orc wizards
  A hound skeleton (D:4)
  A howler monkey zombie (D:5)
  Robin (D:4)
  A howler monkey skeleton (D:7)
  12 gnolls
  7 adders
  A shadow imp (D:7)
  3 worms
  3 dart slugs
  20 orcs
  11 ball pythons
  4 bats
  6 endoplasms
  6 giant cockroaches
  21 goblins
  5 hobgoblins
  4 jackals (D:3)
  2 quokkas
  4 frilled lizards (D:1)
  9 kobolds
  2 rats
171 creatures vanquished.

Vanquished Creatures (others)
  3 fungi (D:6)
  5 plants (D:2)
8 creatures vanquished.

Grand Total: 179 creatures vanquished

Notes
Turn   | Place    | Note
-------+----------+-------------------------------------------
     0 | D:1      | Urokeeper the Deep Dwarf Fighter began the quest for the
                  | Orb.
     0 | D:1      | Reached XP level 1. HP: 20/20 MP: 1/1
   121 | D:1      | Reached XP level 2. HP: 25/27 MP: 2/2
   459 | D:2      | Reached XP level 3. HP: 26/34 MP: 3/3
   488 | D:2      | Noticed Natasha
   500 | D:2      | Killed Natasha
   573 | D:2      | Noticed Natasha
   582 | D:2      | Killed Natasha
   583 | D:2      | Reached XP level 4. HP: 33/42 MP: 3/3
   603 | D:2      | Noticed Natasha
   608 | D:2      | Killed Natasha
   665 | D:2      | Found a snail-covered altar of Cheibriados.
   770 | D:2      | Noticed Sigmund
   801 | D:2      | Killed Sigmund
   802 | D:2      | Reached skill level 1 in Dodging
   802 | D:2      | Reached XP level 5. HP: 26/49 MP: 4/4
   899 | D:2      | Found a runed translucent door.
   900 | D:2      | Noticed Crazy Yiuf
  1049 | D:2      | Killed Crazy Yiuf
  1050 | D:2      | Reached XP level 6. HP: 20/56 MP: 0/5
  1550 | D:3      | Found a faded altar of an unknown god.
  1718 | D:3      | Reached skill level 5 in Axes
  2180 | D:4      | Noticed Robin
  2184 | D:4      | Noticed Edmund
  2205 | D:4      | Killed Edmund
  2206 | D:4      | Reached XP level 7. HP: 53/63 MP: 6/6
  2211 | D:4      | Killed Robin
  2335 | D:4      | Reached skill level 5 in Armour
  2336 | D:4      | Reached skill level 5 in Shields
  2494 | D:4      | Reached skill level 1 in Maces & Flails
  2581 | D:4      | Noticed Ijyb
  2597 | D:4      | Killed Ijyb
  2865 | D:5      | Entered Level 5 of the Dungeon
  2909 | D:5      | Reached XP level 8. HP: 53/72 MP: 5/5
  3085 | D:5      | Found Olily's Assorted Antiques.
  3262 | D:5      | Found a sparkling altar of Nemelex Xobeh.
  3812 | D:6      | Reached skill level 5 in Fighting
  3889 | D:6      | Found an ancient bone altar of Kikubaaqudgha.
  3926 | D:6      | Found a transporter.
  3929 | D:6      | Noticed AttackTheMoon's ghost (novice TrHu)
  3943 | D:6      | Found a transporter.
  4222 | D:6      | Found a staircase to the Ecumenical Temple.
  4313 | D:6      | Reached skill level 5 in Maces & Flails
  4313 | D:6      | Gained mutation: You passively map the area around you.
                  | [Deep Dwarf growth]
  4313 | D:6      | Reached XP level 9. HP: 72/81 MP: 2/2
  4645 | D:6      | Killed AttackTheMoon's ghost
  5061 | D:7      | Noticed Dowan
  5063 | D:7      | Noticed Duvessa
  5075 | D:7      | Killed Duvessa
  5086 | D:7      | Killed Dowan
  5338 | D:7      | HP: 4/81 [wight (4)]
  5339 | D:7      | Slain by a wight

Illustrated notes

Levels and vault maps discovered:
D:1:      roderic_dead_forest, layout_basic
D:2:      layout_loops_corners, basic_altar, serial_bayou_lagoon_a,
          uniq_crazy_yiuf_cottage, uniq_natasha, uniq_sigmund
D:3:      layout_loops_ring, shapermc_ecumenical_altar_venn
D:4:      layout_rooms, chequers_serial_rivers_small_a,
          kennysheep_generic_room_3, uniq_robin, uniq_edmund, uniq_ijyb
D:5:      layout_gridville, mainiacjoe_overflow_24_doors, serial_shops, shop,
          serial_bayou_ford_a, grunt_ministairs_5
D:6:      layout_loops_corners, mainiacjoe_overflow_boulevard,
          minmay_temple_entry_from_below_a, gammafunk_ghost_stat_death,
          minmay_a_box_with_orc_wizards_in_it
D:7:      layout_cave_pods, chequers_serial_rivers_micro_e, uniq_menkaure,
          uniq_duvessa

Skill      XL: |  1  2  3  4  5  6  7  8  9 |
---------------+----------------------------+-----
Fighting       | 3 4 5 |  5.5
Axes           | 3 4 5 |  5.7
Armour         | 4 5 7 |  7.6
Dodging        | 1 2 3 |  3.4
Shields        | 4 5 6 7 |  7.6
Maces & Flails | 2 5 6 |  6.0
Throwing       | |  0.1
Stealth        | |  0.3

Action                   |  1- 3 |  4- 6 |  7- 9 || total
-------------------------+-------+-------+-------++-------
Melee: War axe           |    73 |   163 |   229 ||   465
       Dire flail        |       |       |    58 ||    58
       Hand axe          |       |       |   159 ||   159
Throw: Boomerang         |       |       |     6 ||     6
 Abil: Heal Wounds       |     2 |     7 |    20 ||    29
  Use: Potion            |       |     1 |       ||     1
       Scroll            |       |       |     5 ||     5
Armor: Scale mail        |    31 |    79 |    36 ||   146
       Plate armour      |       |       |   258 ||   258
Dodge: Dodged            |    31 |    54 |   188 ||   273
Block: Kite shield       |    42 |   128 |   239 ||   409
